 Dungeon Crawl Stone Soup version 0.31-a0-221-gbddc013574 (webtiles) character file.

Game seed: 6890346214847289071

5067 Anon1729 the Carver (level 10, -1/79 HPs)
             Began as a Mummy Monk on July 4, 2023.
             Was a Plaything of Xom.
             Slain by a wight
             ... wielding a +4 falchion
              (4 damage)
             ... while paralysed by you
             ... on level 9 of the Dungeon.
             The game lasted 00:17:39 (9747 turns).

Anon1729 the Carver (Mummy Monk)                    Turns: 9747, Time: 00:17:40

Health: -1/79      AC: 14    Str: 15    XL:     10   Next: 31%
Magic:  10/10      EV:  2    Int: 10    God:    Xom [..*...]
Gold:   813        SH:  0    Dex: 18    Spells: 9/9 levels left

rFire   x . .        w - +2 short sword (protect)
rCold   + + .        c - orb {light}
rNeg    + + +        l - +3 ring mail of the Pink Corner {rC+ rCorr}
rPois   ∞            v - +1 helmet
rElec   .            (no cloak)
rCorr   +            k - +0 pair of gloves
SInv    .            j - +0 pair of boots
Will    +....        (no amulet)
Stlth   +            (no ring)
HPRegen 0.33/turn    (no ring)
MPRegen 0.12/turn

%: faith
@: paralysed, mighty, marked, glowing
A: cold resistance 1, negative energy resistance 3, torment resistance 2, heat
vulnerability 1, in touch with death 1, no potions, faith
a: Renounce Religion


You were on level 9 of the Dungeon.
You worshipped Xom.
You were a toy of Xom.
You visited 2 branches of the dungeon, and saw 10 of its levels.
You also visited: Bailey.

You collected 813 gold pieces.

Inventory:

Hand Weapons
 a - a +0 falchion
 r - a +2 dagger of protection
 u - a +1 short sword of venom
 w - a +2 short sword of protection (weapon)
Missiles
 e - 2 throwing nets
 m - 27 poisoned darts
 B - 8 boomerangs
Armour
 b - a +0 robe
 c - an orb of light (worn)
 f - a +3 leather armour
 j - a +0 pair of boots (worn)
 k - a +0 pair of gloves (worn)
 l - the +3 ring mail of the Pink Corner (worn) {rC+ rCorr}
   (You took it off a kobold on level 2 of the Dungeon)

   rC:        It protects you from cold.
   rCorr:     It protects you from acid and corrosion.
 v - a +1 helmet (worn)
 A - a +4 scale mail
Magical Staves
 x - a staff of death
Wands
 n - a wand of digging (3)
 o - a wand of paralysis (28)
 y - a wand of light (2) (quivered)
Scrolls
 d - 2 scrolls of poison
 g - 4 scrolls of vulnerability
 i - a scroll of blinking
 p - a scroll of amnesia
 s - 2 scrolls of revelation
 z - a scroll of immolation


   Skills:
 + Level 7.5 Fighting
 * Level 8.6 Long Blades
 + Level 5.5 Armour
 + Level 6.2 Dodging


You had 9 spell levels left.
You didn't know any spells.
Your spell library contained the following spells:

 Spells                   Type           Power      Damage    Failure   Level
 Ensorcelled Hibernation  Hex/Ice        0%         N/A       71%         2
 Anguish                  Hex/Necr       0%         N/A       100%        4
 Spider Form              Tmut/Pois      Unusable   N/A       N/A         3

Dungeon Overview and Level Annotations

Branches:
Dungeon (9/15)             Temple (1/1) D:5            Lair (0/5) D:8
 Bailey (visited)
    Orc: D:9-12

Altars:
Cheibriados
Dithmenos
Fedhas
Gozag
Hepliaklqana
Kikubaaqudgha
Makhleb
Nemelex Xobeh
Okawaru
Qazlal
Sif Muna
Uskayaw
Wu Jian
Xom
Yredelemnul

Annotations:
Temple 2 transporters


Innate Abilities, Weirdness & Mutations

You are immune to poison.
Your flesh is cold resistant. (rC+)
You are immune to negative energy. (rN+++)
You are immune to unholy pain and torment.
You are vulnerable to heat. (rF-)
You are in touch with the powers of death.
You do not drink.
You have a special connection with the divine. (Faith)


Message History

The wight is moderately damaged.
The wight misses you.
Cornered, the gnoll turns to fight! x2
Cornered, the frilled lizard turns to fight!
The wight hits you but does no damage.
You hit the wight.
The wight is moderately damaged.
The wight hits you but does no damage. The wight hits you with a +4 falchion.
* * * LOW HITPOINT WARNING * * *
Aiming: Paralyse
Press: ? - help, Shift-Dir - straight line, f - wight
Aim: a wight, wielding a +0 mace and wearing a +0 robe (moderately damaged, haloed, chance to affect: 49%)
The wight resists with some effort. "Go forth and destroy!"
You feel very mighty all of a sudden. The wight hits you with a +0 mace.
* * * LOW HITPOINT WARNING * * *
The wight barely misses you.
Aiming: Paralyse
Press: ? - help, Shift-Dir - straight line, f/p - wight
Aim: a wight, wielding a +0 mace and wearing a +0 robe (moderately damaged, haloed, chance to affect: 49%)
The wight resists with some effort.
The wight closely misses you. The wight hits you with a +4 falchion.
* * * LOW HITPOINT WARNING * * *
Aiming: Paralyse
Press: ? - help, Shift-Dir - straight line, f - you, p - wight That beam is likely to hit you.
Continue anyway?
You suddenly lose the ability to move!
The wight hits you with a +0 mace.
* * * LOW HITPOINT WARNING * * *
The gnoll hits you but does no damage. The wight hits you but does no damage.
The wight hits you but does no damage. The gnoll hits you with a +0 club.
* * * LOW HITPOINT WARNING * * *
Xom is amused.
The frilled lizard bites you but does no damage.
The wight hits you with a +4 falchion.
* * * LOW HITPOINT WARNING * * *
The wight hits you but does no damage. The gnoll hits you but does no damage.
The frilled lizard bites you but does no damage.
The wight hits you with a +4 falchion.
You die...
Xom is highly amused!

#### .....
#....g
#####...#
#.)@zg..#
#)lgz...#
#....#.##
#....# .#
#....#....
#..###.....
#K#...# . ,
#.....+ *,
#.#...# ,


You could see a kobold brigand (fleeing), 2 wights, 3 gnolls and a frilled
lizard.

Vanquished Creatures
  Harold (D:9)
  An orc knight (Bailey)
  A kobold demonologist (D:9)
  A troll (D:9)
  A wyvern (D:9)
  A water moccasin (D:6)
  A sky beast (D:7)
  2 black bears
  6 orc warriors (Bailey)
  2 ogres (D:6)
  A centaur (D:6)
  A phantom (D:5)
  8 kobold brigands (D:9)
  3 bullfrogs
  4 scorpions
  2 wights (D:9)
  A hound (D:7)
  A jelly (D:4)
  A sleepcap (D:7)
  3 iguanas
  3 orc wizards
  Natasha (thrice) (D:4)
  Robin (D:3)
  8 gnolls
  8 adders
  2 shadow imps
  4 ufetubi
  3 worms
  A dart slug (D:2)
  17 orcs
  6 ball pythons
  6 endoplasms
  3 giant cockroaches (D:2)
  20 goblins
  13 hobgoblins
  11 jackals
  41 kobolds
  5 quokkas
  7 rats
204 creatures vanquished.

Vanquished Creatures (collateral kills)
  2 kobold brigands (D:6)
  A gnoll sergeant (D:6)
  A bullfrog (D:6)
  An orc priest (D:6)
  4 gnolls
  7 kobolds
16 creatures vanquished.

Vanquished Creatures (others)
  A warg (D:9)
  5 kobold brigands (D:9)
6 creatures vanquished.

Grand Total: 226 creatures vanquished

Notes
Turn   | Place    | Note
-------+----------+-------------------------------------------
     0 | D:1      | Anon1729 the Mummy Monk began the quest for the Orb.
     0 | D:1      | Reached XP level 1. HP: 18/18 MP: 1/1
   209 | D:1      | Reached XP level 2. HP: 24/24 MP: 2/2
  1050 | D:2      | Gained mutation: You are in touch with the powers of death.
                  | [Mummy growth]
  1050 | D:2      | Reached XP level 3. HP: 28/29 MP: 3/3
  1079 | D:2      | Reached skill level 3 in Long Blades
  1083 | D:2      | Reached skill level 1 in Armour
  1241 | D:2      | Reached XP level 4. HP: 35/35 MP: 4/4
  1258 | D:2      | Identified the +3 ring mail of the Pink Corner {rC+ rCorr}
  2325 | D:3      | Found a snail-covered altar of Cheibriados.
  2358 | D:3      | Reached XP level 5. HP: 37/42 MP: 5/5
  2527 | D:3      | Noticed Robin
  2551 | D:3      | Killed Robin
  2646 | D:3      | Noticed a shadow
  2647 | D:3      | Found a shadowy altar of Dithmenos.
  2648 | D:3      | Found a hazy altar of Hepliaklqana.
  3188 | D:4      | Found a blossoming altar of Fedhas.
  3249 | D:4      | Noticed Natasha
  3388 | D:4      | Reached skill level 4 in Long Blades
  3481 | D:4      | Reached XP level 6. HP: 39/48 MP: 6/6
  3621 | D:4      | Killed Natasha
  3678 | D:4      | Noticed Natasha
  3689 | D:4      | Killed Natasha
  3826 | D:4      | Noticed Natasha
  3834 | D:4      | Killed Natasha
  3897 | D:5      | Entered Level 5 of the Dungeon
  3957 | D:5      | Found a staircase to the Ecumenical Temple.
  3978 | Temple   | Entered the Ecumenical Temple
  3978 | Temple   | Found a transporter.
  3978 | Temple   | Found a transporter.
  3980 | Temple   | Found a transporter.
  3980 | Temple   | Found a transporter.
  4016 | Temple   | Became a worshipper of Xom of Chaos
  4068 | D:5      | Reached XP level 7. HP: 49/55 MP: 7/7
  4264 | D:5      | XOM: cast spell 'Death Channel'
  4265 | D:5      | XOM: cast spell 'Cause Fear'
  4351 | D:5      | Found a sparkling altar of Nemelex Xobeh.
  4374 | D:5      | XOM: cast spell 'Cause Fear'
  4737 | D:5      | XOM: cloud trail
  4803 | D:5      | Reached skill level 5 in Long Blades
  5089 | D:6      | XOM: summons friendly shadow imp
  5096 | D:6      | XOM: confusion (+ monsters)
  5114 | D:6      | XOM: summons 7 friendly demons
  5120 | D:6      | XOM: polymorph quasit -> ufetubus
  5240 | D:6      | Found an iron altar of Okawaru.
  5251 | D:6      | XOM: silly message
  5272 | D:6      | Found a basalt altar of Yredelemnul.
  5293 | D:6      | Reached skill level 5 in Fighting
  5295 | D:6      | Reached XP level 8. HP: 26/62 MP: 8/8
  5364 | D:6      | XOM: god gift: scroll of vulnerability
  5432 | D:6      | XOM: enchant monster (good)
  5437 | D:6      | XOM: cast spell 'Chain of Chaos'
  5439 | D:6      | XOM: enchant monster (good)
  5449 | D:6      | XOM: enchant monster (good)
  5560 | D:6      | XOM: 2-stop teleportation journey
  5655 | D:6      | XOM: divination: detect creatures
  5671 | D:6      | Reached skill level 6 in Long Blades
  5691 | D:6      | XOM: divination: magic mapping
  5781 | D:6      | XOM: potion effect (brilliance)
  5865 | D:6      | XOM: 4-stop teleportation journey
  6008 | D:6      | XOM: summons 1 hostile demon
  6045 | D:6      | XOM: potion effect (might)
  6174 | D:6      | XOM: 4-stop teleportation journey
  6457 | D:6      | XOM: noise
  6683 | D:6      | XOM: stat loss: -1 Str (13/14)
  6704 | D:6      | XOM: summons 1 hostile shadow creature
  6872 | D:6      | XOM: god gift: staff of death
  7069 | D:6      | XOM: noise
  7162 | D:7      | Found a burning altar of Makhleb.
  7168 | D:7      | XOM: summons 2 hostile shadow creatures
  7383 | D:7      | XOM: enchant monster (good)
  7450 | D:7      | Found a shimmering blue altar of Sif Muna.
  7652 | D:7      | XOM: swap monsters
  7691 | D:7      | XOM: summons 5 hostile demons
  7692 | D:7      | Noticed an orange demon
  7692 | D:7      | Noticed a sixfirhy
  7859 | D:8      | Reached skill level 5 in Dodging
  7859 | D:8      | Reached XP level 9. HP: 63/69 MP: 9/9
  7930 | D:8      | XOM: chaos upgrade
  8054 | D:7      | XOM: stat loss: -1 Int (9/10)
  8078 | D:8      | Found a staircase to the Lair.
  8078 | D:8      | Noticed a death yak
  8078 | D:8      | Noticed a death yak
  8078 | D:8      | Noticed a death yak
  8078 | D:8      | XOM: 2-stop teleportation journey
  8084 | D:8      | XOM: scenery: create altars
  8163 | D:9      | Found a stormy altar of Qazlal.
  8171 | D:9      | Noticed a kobold demonologist
  8171 | D:9      | XOM: 1-stop teleportation journey
  8172 | D:9      | XOM: polymorph kobold brigand -> warg
  8177 | D:9      | Noticed an ice devil
  8179 | D:9      | Noticed an ice devil
  8179 | D:9      | XOM: divine lightning
  8183 | D:9      | XOM: fog
  8193 | D:9      | Noticed a red devil
  8198 | D:9      | Reached skill level 7 in Long Blades
  8204 | D:9      | Noticed a red devil
  8205 | D:9      | Noticed a soul eater
  8209 | D:9      | Killed a kobold demonologist
  8461 | D:9      | Noticed a troll
  8471 | D:9      | XOM: potion effect (haste)
  8474 | D:9      | Killed a troll
  8483 | D:9      | XOM: silly message
  8529 | D:9      | XOM: potion effect (curing)
  8566 | D:9      | Noticed Harold
  8568 | D:9      | Paralysed by Harold for 3 turns
  8570 | D:9      | XOM: potion effect (brilliance)
  8570 | D:9      | XOM: butterfly on damage
  8575 | D:9      | Found a flagged portal.
  8580 | Bailey   | Entered a bailey
  8695 | Bailey   | XOM: potion effect (brilliance)
  8696 | Bailey   | XOM: potion effect (brilliance)
  8718 | Bailey   | XOM: silly message
  8746 | Bailey   | Noticed an orc knight
  8746 | Bailey   | XOM: divination: detect creatures
  8750 | Bailey   | XOM: potion effect (might)
  8759 | Bailey   | Killed an orc knight
  8760 | Bailey   | Reached skill level 8 in Long Blades
  8760 | Bailey   | Reached skill level 5 in Armour
  8797 | Bailey   | XOM: silly message
  8940 | Bailey   | XOM: potion effect (curing)
  8953 | Bailey   | Reached XP level 10. HP: 74/79 MP: 10/10
  8982 | Bailey   | XOM: silly message
  9114 | Bailey   | Identified the +4 great sword of Doom {holy, rF+ Int+2
                  | Dex+3}
  9153 | Bailey   | XOM: noise
  9156 | Bailey   | XOM: scenery: 2 doors close
  9220 | Bailey   | XOM: cast spell 'Olgreb's Toxic Radiance'
  9586 | D:9      | XOM: enchant monster (good)
  9593 | D:9      | XOM: polymorph goblin -> frilled lizard
  9597 | D:9      | XOM: divination: magic mapping
  9605 | D:9      | XOM: summons friendly crimson imp
  9608 | D:9      | XOM: noise
  9613 | D:9      | XOM: silly message
  9615 | D:9      | XOM: divination: magic mapping
  9618 | D:9      | XOM: enchant monster (bad)
  9627 | D:9      | Killed Harold
  9629 | D:9      | XOM: silly message
  9636 | D:9      | XOM: chaos upgrade
  9677 | D:9      | XOM: 3-stop teleportation journey
  9714 | D:9      | XOM: summons friendly quasit
  9734 | D:9      | XOM: silly message
  9743 | D:9      | XOM: potion effect (might)
  9745 | D:9      | Paralysed by you for 3 turns
  9746 | D:9      | HP: 3/79 [wight/+4 falchion (2)]
  9747 | D:9      | Slain by a wight

Illustrated notes

Levels and vault maps discovered:
D:1:      dpeg_arrival_pond, layout_loops_corners, kennysheep_small_spiral,
          minmay_misc_feat_iff
D:2:      layout_basic
D:3:      layout_loops_ring, cheibriados_altar_1,
          riverfiend_overflow_shadow_ancestor, mainiacjoe_overflow_catwalk,
          uniq_robin
D:4:      layout_rooms, kennysheep_mini_moat, uniq_natasha
D:5:      layout_cave_pods, lemuel_crystal_altar, temple_fountains
D:6:      kennysheep_kobold_camp, layout_basic, overflow_temple_1_default,
          mainiacjoe_overflow_brackets, kennysheep_generic_room_4
D:7:      layout_rooms, lemuel_round_altar, mainiacjoe_overflow_24_doors
D:8:      layout_loops_ring, vehumet_statue,
          nicolae_ru_great_annihilating_truth, dpeg_lair_monsters,
          enter_ossuary_5
D:9:      layout_roguey, nicolae_qazlal_scattered_showers,
          evilmike_ruin_ashenzari, special_room [special_room_kobold],
          enter_bailey_3, uniq_harold
Temple:   hellmonk_temple_divided_pantheon

Skill      XL: |  1  2  3  4  5  6  7  8  9 10 |
---------------+-------------------------------+-----
Long Blades    | 3 4 5 6 8 |  8.6
Armour         | 1 2 3 4 5 |  5.5
Dodging        | 3 4 5 6 |  6.2
Fighting       | 4 5 6 7 |  7.5

Action                     |  1- 3 |  4- 6 |  7- 9 | 10-12 || total
---------------------------+-------+-------+-------+-------++-------
  Melee: Falchion          |   101 |   275 |       |       ||   376
         Dagger            |       |       |   254 |       ||   254
         Short sword       |       |       |   419 |   176 ||   595
  Throw: Dart              |       |       |     1 |     1 ||     2
         Boomerang         |       |       |       |     3 ||     3
  Evoke: Wand              |       |       |     5 |     5 ||    10
    Use: Scroll            |     2 |     3 |     5 |     4 ||    14
   Stab: Petrified         |       |       |     2 |       ||     2
         Paralysed         |       |       |     3 |     4 ||     7
         Invisible         |       |       |     2 |     2 ||     4
         Sleeping          |       |       |     1 |       ||     1
 Armour: Leather armour    |    34 |    21 |       |       ||    55
         Robe              |     1 |       |       |       ||     1
         Ring mail         |       |   136 |   363 |    93 ||   592
  Dodge: Dodged            |    59 |   228 |   443 |   119 ||   849

Table legend: (Time is in decaauts)
 A = Elapsed time spent in this place.
 B = Non-inter-level travel time spent in this place.
 C = Inter-level travel time spent in this place.
 D = Time resting spent in this place.
 E = Time spent auto-exploring this place.
 F = Levels seen in this place.
 G = Mean time per level.
                   A        B        C        D        E       F      G
               +--------+--------+--------+--------+--------+-----+--------+
         Total |   9629 |   9055 |    574 |   1092 |   5724 |  11 |  875.4 |
       Dungeon |   8592 |   8023 |    569 |    912 |   5295 |   9 |  954.7 |
        Temple |     56 |     52 |      4 |      0 |      1 |   1 |   56.0 |
        Bailey |    979 |    979 |      0 |    180 |    427 |   1 |  979.0 |
               +--------+--------+--------+--------+--------+-----+--------+

Top non-repeatable levels by time:
     D:6: 2189 daAuts
     D:1: 1233 daAuts
  Bailey: 979 daAuts
     D:4: 957 daAuts
     D:5: 940 daAuts
     D:2: 907 daAuts
     D:3: 846 daAuts
     D:7: 813 daAuts
     D:9: 586 daAuts
     D:8: 119 daAuts
  Temple: 56 daAuts
